 Dungeon Sprint DCSS version 0.30-a0-626-gd6a5dd7a1f (webtiles) character file.

Game seed: 17534210687861458571

1930 BigDaddyOpFi the Cleaver (level 9, -1/91 HPs)
             Began as a Hill Orc Fighter on Jan 11, 2023.
             Was a Priest of Qazlal.
             Slain by an eight-headed hydra (7 damage)
             ... in the Dungeon (Sprint IX: "|||||||||||||||||||||||||||||").
             The game lasted 00:02:26 (1108 turns).

BigDaddyOpFi the Cleaver (Hill Orc Fighter)         Turns: 1108, Time: 00:02:27

Health: -1/91      AC: 18    Str: 23    XL:     9   Next: 17%
Magic:  9/9        EV:  7    Int: 11    God:    Qazlal [***...]
Gold:   3          SH: 11    Dex: 10    Spells: 8/8 levels left

rFire   . . .      SeeInvis .    m - +3 war axe (heavy)
rCold   . . .      Faith    .    c - +0 buckler
rNeg    . . .      Spirit   .    o - +0 plate armour
rPois   .          Reflect  .    (no helmet)
rElec   .          Harm     .    n - +0 cloak
rCorr   .          Rampage  .    (no gloves)
Will    .....      NoTele   +    (no boots) Stlth
                                 (no amulet)
HPRegen 0.35/turn                p - +3 ring of intelligence
MPRegen 0.11/turn                q - +2 ring of protection

@: no status effects
A: no striking features
a: Renounce Religion, Upheaval, Elemental Force


You were in the Dungeon.
You worshipped Qazlal.
Qazlal was most pleased with you.
You visited 1 branch You collected 3 gold pieces.

Inventory:

Hand Weapons
 m - a +3 heavy war axe (weapon)
Armour
 c - a +0 buckler (worn)
 n - a +0 cloak (worn)
 o - a +0 plate armour (worn)
Jewellery
 f - the ring "Gashreuv" {Wiz rN+++ Will- rCorr Str-5}
   (You found it in the Dungeon)

   [ring of wizardry]

   It improves your spell success rate.
   Str:       It affects your strength (-5).
   rN:        It renders you almost immune to negative energy.
   rCorr:     It protects you from acid and corrosion.
   Will:      It decreases your willpower.
 p - a +3 ring of intelligence (left hand)
 q - a +2 ring of protection (right hand)
Wands
 l - a wand of acid (7) (quivered)
Scrolls
 g - a scroll of magic mapping
 j - 4 scrolls of blinking
 k - 2 scrolls of amnesia
 r - a scroll of fog
 s - a scroll of fear
 t - a scroll of identify
Potions
 a - a potion of brilliance
 b - 4 potions of heal wounds
 d - a potion of invisibility
 e - 2 potions of curing
 h - 4 potions of magic
 i - 2 potions of berserk rage


   Skills:
 + Level 12.5 Fighting
 + Level 13.3 Axes
 + Level 11.6 Armour
 + Level 11.6 Shields
 * Level 0.0 Invocations


You had 8 spell levels left.
You didn't know any spells.
Your spell library was empty.

Dungeon Overview and Level Annotations

Branches:
Dungeon (1/1)

Altars:
Cheibriados
Dithmenos
Elyvilon
Fedhas
Gozag
Hepliaklqana
Kikubaaqudgha
Makhleb
Nemelex Xobeh
Okawaru
Qazlal
Ru
Sif Muna
Trog
Uskayaw
Vehumet
Wu Jian
Xom
Yredelemnul
Zin
The Shining One
Beogh
Jiyva
Lugonu


Message History

The six-headed hydra bites you but does no damage. x2
You block the six-headed hydra's attack.
The six-headed hydra bites you but does no damage.
The six-headed hydra barely misses you. The six-headed hydra bites you!
You block the blink frog's attack.
You barely miss the blink frog.
The blink frog is severely wounded.
The wyvern hisses angrily.
You lop one of the six-headed hydra's heads off!
The five-headed hydra grows two more!
You slash the seven-headed hydra! You block the blink frog's attack.
The bullfrog snags a nearby mouse with its tongue.
You block the seven-headed hydra's attack. x2
The seven-headed hydra bites you but does no damage.
The seven-headed hydra bites you.
The seven-headed hydra bites you but does no damage.
The seven-headed hydra bites you.
The seven-headed hydra bites you but does no damage.
The blink frog hits you.
The blink frog blinks!
You cut the blink frog into ribbons!!!
You kill the blink frog!
Qazlal accepts your kill.
You hack one of the seven-headed hydra's heads off!
The six-headed hydra grows two more!
You slice the eight-headed hydra!!
You block the eight-headed hydra's attack.
The eight-headed hydra closely misses you.
The eight-headed hydra bites you but does no damage.
You block the eight-headed hydra's attack.
The eight-headed hydra bites you!
* * * LOW HITPOINT WARNING * * *
The eight-headed hydra completely misses you.
The eight-headed hydra bites you!
* * * LOW HITPOINT WARNING * * *
The eight-headed hydra closely misses you.
The eight-headed hydra bites you but does no damage.
The eight-headed hydra barely misses you.
The eight-headed hydra bites you!
* * * LOW HITPOINT WARNING * * *
The eight-headed hydra bites you!
You die...

▓.▓.▓.▓
▓.▓.▓.▓
▓.▓.▓.▓
▓.▓.▓.▓
▓'▓.▓.▓
▓_▓.▓.▓
▓_▓.▓.▓
▓_▓.▓†▓
▓_▓.▓@▓
▓_▓.▓D▓
▓_▓.▓F▓
▓_▓.▓S▓
▓_▓.▓F▓
▓_▓.▓F▓
▓_▓.▓F▓
▓_▓.▓l▓
▓_▓.▓


You could see an eight-headed hydra, a blink frog, a water moccasin, a wyvern
and 3 bullfrogs.

Vanquished Creatures
  An ugly thing (D)
  A komodo dragon (D)
  A kobold demonologist (D)
  A tengu conjurer (D)
  A blink frog (D)
  A yak (D)
  2 vampire mosquitoes (D)
  An orc warrior (D)
  3 killer bees (D)
  A howler monkey (D)
  A hound (D)
  An iguana (D)
  An orc wizard (D)
  An adder (D)
  A white imp (D)
  An orc (D)
  A ball python (D)
  2 jackals (D)
  2 rats (D)
24 creatures vanquished.

Notes
Turn   | Place    | Note
-------+----------+-------------------------------------------
     0 | D        | BigDaddyOpFi the Hill Orc Fighter began the quest for the
                  | Orb.
     0 | D        | Reached XP level 1. HP: 19/19 MP: 1/1
     8 | D        | Reached skill level 3 in Axes
    20 | D        | Noticed an iguana
    20 | D        | Noticed a hound
    26 | D        | Killed an iguana
    27 | D        | Reached skill level 5 in Fighting
    27 | D        | Reached skill level 4 in Axes
    27 | D        | Reached XP level 2. HP: 19/29 MP: 2/2
    27 | D        | Reached XP level 3. HP: 24/36 MP: 3/3
    29 | D        | Reached skill level 5 in Axes
    29 | D        | Reached skill level 5 in Armour
    29 | D        | Reached skill level 5 in Shields
    29 | D        | Reached XP level 4. HP: 30/44 MP: 4/4
    37 | D        | Reached skill level 6 in Axes
   298 | D        | Found a roughly hewn altar of Beogh.
   298 | D        | Found a snail-covered altar of Cheibriados.
   298 | D        | Found a shadowy altar of Dithmenos.
   298 | D        | Found a white marble altar of Elyvilon.
   298 | D        | Found a blossoming altar of Fedhas.
   298 | D        | Found an opulent altar of Gozag.
   299 | D        | Found a hazy altar of Hepliaklqana.
   300 | D        | Found a viscous altar of Jiyva.
   301 | D        | Found an ancient bone altar of Kikubaaqudgha.
   302 | D        | Found a corrupted altar of Lugonu.
   303 | D        | Found a burning altar of Makhleb.
   304 | D        | Found a sparkling altar of Nemelex Xobeh.
   305 | D        | Found an iron altar of Okawaru.
   306 | D        | Found a stormy altar of Qazlal.
   307 | D        | Found a sacrificial altar of Ru.
   308 | D        | Found a shimmering blue altar of Sif Muna.
   309 | D        | Found a bloodstained altar of Trog.
   310 | D        | Found a hide-covered altar of Uskayaw.
   311 | D        | Found a radiant altar of Vehumet.
   312 | D        | Found an ornate altar of the Wu Jian Council.
   313 | D        | Found a shimmering altar of Xom.
   314 | D        | Became a worshipper of Qazlal Stormbringer
   315 | D        | Found a basalt altar of Yredelemnul.
   316 | D        | Found a glowing silver altar of Zin.
   317 | D        | Found a glowing golden altar of the Shining One.
   370 | D        | Noticed an orc warrior
   370 | D        | Noticed a yak
   373 | D        | Reached XP level 5. HP: 46/51 MP: 5/5
   375 | D        | Reached skill level 7 in Axes
   385 | D        | Killed an orc warrior
   385 | D        | Reached * piety under Qazlal
   386 | D        | Reached skill level 8 in Axes
   386 | D        | Reached XP level 6. HP: 33/61 MP: 6/6
   393 | D        | Reached skill level 9 in Axes
   396 | D        | Killed a yak
   396 | D        | Reached ** piety under Qazlal
   397 | D        | Reached skill level 10 in Axes
   397 | D        | Reached XP level 7. HP: 36/70 MP: 7/7
   607 | D        | Noticed a purple ugly thing
   607 | D        | Noticed a vampire mosquito
   607 | D        | Noticed a kobold demonologist
   607 | D        | Noticed a vampire mosquito
   607 | D        | Noticed a tengu conjurer
   618 | D        | Killed a purple ugly thing
   619 | D        | Reached skill level 10 in Fighting
   619 | D        | Reached skill level 11 in Axes
   619 | D        | Reached skill level 10 in Armour
   619 | D        | Reached skill level 10 in Shields
   619 | D        | Reached XP level 8. HP: 31/81 MP: 8/8
   630 | D        | Killed a kobold demonologist
   631 | D        | Reached skill level 12 in Axes
   640 | D        | Killed a tengu conjurer
   640 | D        | Reached *** piety under Qazlal
   660 | D        | Reached skill level 13 in Axes
   660 | D        | Reached XP level 9. HP: 14/90 MP: 5/9
  1085 | D        | Got the ring "Gashreuv" {Wiz rN+++ Will- rCorr Str-5}
  1098 | D        | Noticed a komodo dragon
  1099 | D        | Noticed a four-headed hydra
  1102 | D        | Killed a komodo dragon
  1108 | D        | Slain by an eight-headed hydra

Illustrated notes

Levels and vault maps discovered:
D:        linesprint [early_d, line_temple, items_1, d_10, items_2, lair_1,
          lair_end, items_3, orc_1, orc_end, items_4, d_15, swamp_1, shoals_1,
          snake_1, spider_1, d_20, vaults_1, items_5, swamp_end, shoals_end,
          snake_end, spider_end, vaults_end, d_27, items_6, zot_1, zot_end,
          crypt_end, forest_end, elf_end, slime_end, tomb_end, abyss_end,
          pan_hell_end]

Skill      XL: |  1  2  3  4  5  6  7  8 |
---------------+-------------------------+-----
Axes           | 4 5 6 8 10 11 13 | 13.3
Fighting       | 5 6 8 9 10 12 | 12.5
Armour         | 4 5 6 7 8 10 11 | 11.6
Shields        | 4 5 6 7 8 10 11 | 11.6

Action                   |  1- 3 |  4- 6 |  7- 9 || total
-------------------------+-------+-------+-------++-------
Melee: War axe           |    16 |    33 |    41 ||    90
Invok: Upheaval          |       |       |     2 ||     2
Evoke: Wand              |       |       |     3 ||     3
  Use: Potion            |     2 |     1 |     7 ||    10
Armor: Scale mail        |     5 |     4 |       ||     9
       Plate armour      |       |    19 |    48 ||    67
Dodge: Dodged            |     9 |    10 |    27 ||    46
Block: Buckler           |     1 |    11 |    31 ||    43

Table legend: (Time is in decaauts)
 A = Elapsed time spent in this place.
 B = Non-inter-level travel time spent in this place.
 C = Inter-level travel time spent in this place.
 D = Time resting spent in this place.
 E = Time spent auto-exploring this place.
 F = Levels seen in this place.
 G = Mean time per level.
                   A        B        C        D        E       F      G
               +--------+--------+--------+--------+--------+-----+--------+
         Total |   1130 |   1130 |      0 |    766 |      0 |   1 | 1130.0 |
       Dungeon |   1130 |   1130 |      0 |    766 |      0 |   1 | 1130.0 |
               +--------+--------+--------+--------+--------+-----+--------+

Top non-repeatable levels by time:
       D: 1130 daAuts
